 Dungeon Crawl Stone Soup version 0.18-a0-1267-gff090c1 (webtiles) character file.

304 wvc the Chopper (level 6, -3/50 HPs)
             Began as a Draconian Wanderer on Feb 6, 2016.
             Was an Initiate of Cheibriados.
             Splashed by a jelly's acid (7 damage)
             ... on level 5 of the Dungeon.
             The game lasted 00:07:56 (4492 turns).

wvc the Chopper (Draconian Wanderer)                Turns: 4492, Time: 00:07:57

Health: -3/50      AC: -2    Str: 14    XL:     6   Next: 15%
Magic:  9/9        EV: 10    Int: 19    God:    Cheibriados [......]
Gold:   152        SH:  7    Dex:  9    Spells: 0 memorised, 9 levels left

rFire  . . .     SeeInvis .     g - +1 spear
rCold  . . .     Gourm    .     (armour unavailable)
rNeg   . . .     Faith    .     f - +0 shield
rPois  .         Spirit   .     (helmet restricted)
rElec  .         Dismiss  .     r - +0 cloak
rCorr  .         Reflect  .     y - +0 pair of gloves
SustAt .         Harm     .     p - +0 pair of boots
MR     .....                    (no amulet)
Stlth  +.........               (no ring)
                                A - +5 ring of protection

@: corroded equipment, very slow, not resistant to hostile enchantments, very
unstealthy
A: unfitting armour, cold-blooded, AC +6
a: Bend Time, Renounce Religion


You were on level 5 of the Dungeon.
You worshipped Cheibriados.
Cheibriados was noncommittal.
You were not hungry.

You visited 2 branches of the dungeon, and saw 6 of its levels.

You collected 152 gold pieces.

Inventory:

Hand Weapons
 g - a +1 spear (weapon)
 u - a +0 blowgun
Missiles
 v - 17 poisoned needles
 w - 8 needles of frenzy
Armour
 f - a +0 shield (worn)
 p - a +0 pair of boots (worn)
 r - a +0 cloak (worn)
 y - a +0 pair of gloves (worn)
Jewellery
 A - a +5 ring of protection (left hand)
Scrolls
 b - 3 scrolls of teleportation
 h - a scroll of fog
 n - 2 scrolls of remove curse
 x - a scroll of immolation
Potions
 c - a potion of beneficial mutation {unknown}
 e - a potion of heal wounds
 i - 5 potions of agility
 j - a potion of lignification
 l - a potion of flight {unknown}
 m - a potion of brilliance {unknown}
 o - a potion of resistance {unknown}
 q - a potion of invisibility {unknown}
 s - 3 potions of curing {unknown}
 t - a potion of cancellation {unknown}
 z - a potion of berserk rage {unknown}
 B - 2 potions of might {unknown}
Books
 a - a book of Minor Magic

   Spells                             Type                      Level
   a - Magic Dart                     Conjuration                  1
   b - Blink                          Translocation                2
   c - Call Imp                       Summoning                    2
   d - Repel Missiles                 Charms/Air                   2
   e - Slow                           Hexes                        2
   f - Conjure Flame                  Conjuration/Fire             3
   g - Mephitic Cloud                 Conjuration/Poison/Air       3
 C - a book of Clouds

   Spells                             Type                      Level
   a - Mephitic Cloud                 Conjuration/Poison/Air       3
   b - Conjure Flame                  Conjuration/Fire             3
   c - Poisonous Cloud                Conjuration/Poison/Air       6
   d - Freezing Cloud                 Conjuration/Ice/Air          6
   e - Ring of Flames                 Charms/Fire                  7
Comestibles
 d - 4 bread rations
 k - a meat ration


   Skills:
 + Level 2.4 Fighting
   Level 4.0(4.6) Axes
 * Level 3.5(4.4) Polearms
 + Level 3.8 Dodging
 - Level 2.0 Shields
 - Level 2.0 Spellcasting
   Level 1.0 Summonings


You had 9 spell levels left.
You didn't know any spells.

Dungeon Overview and Level Annotations

Branches:
Dungeon (5/15)             Temple (1/1) D:4

Altars:
Ashenzari
Cheibriados
Dithmenos
Fedhas
Gozag
Kikubaaqudgha
Makhleb
Nemelex Xobeh
Okawaru
Pakellas
Qazlal
Xom
The Shining One

Annotations:
D:5 asdu's ghost, novice HuBe


Innate Abilities, Weirdness & Mutations

Your plain brown scales are hard (AC +6).
Your body does not fit into most forms of armour.
You are cold-blooded and may be slowed by cold attacks.


Message History

The acid burns!
* * * LOW HITPOINT WARNING * * *
You are too injured to fight recklessly!
You are too injured to fight recklessly!
You are too injured to fight recklessly!
You are too injured to fight recklessly!
You see here 24 stones.
The jelly barely misses you. You block the jelly's attack. The jelly hits you.
* * * LOW HITPOINT WARNING * * *
You are splashed with acid!
The acid burns!
* * * LOW HITPOINT WARNING * * *
You hit the jelly but do no damage.
Your hands burn!
* * * LOW HITPOINT WARNING * * *
The jelly is heavily wounded.
The jelly hits you.
* * * LOW HITPOINT WARNING * * *
You are splashed with acid!
The acid burns!
You die...

##...# ###..........#
##....# #####......#
####.....# ###....#
.........# #....#
.......(.## ##....#
..........### ##....##
##..........#######.....#
####......J....##.....##
##......@.........##
#................#
#...###.....##...# #..##
##...####..# #..# #####
##.## #.# ##.# .# ###


You could see a jelly.

Vanquished Creatures
  2 orc priests
  An orc wizard (D:3)
  A giant frog skeleton (D:4)
  2 worker ants
  4 adders
  A gnoll (D:1)
  An ooze (D:3)
  An adder zombie (D:5)
  3 worms
  2 giant geckos (D:2)
  10 orcs
  2 ball pythons
  5 bats
  4 giant cockroaches
  9 goblins
  6 hobgoblins
  A quokka (D:2)
  A giant gecko skeleton (D:4)
  4 giant newts
  7 kobolds
  5 rats
72 creatures vanquished.

Vanquished Creatures (others)
  5 orcs (D:4)
5 creatures vanquished.

Grand Total: 77 creatures vanquished

Notes
Turn   | Place    | Note
--------------------------------------------------------------
     0 | D:1      | wvc the Draconian Wanderer began the quest for the Orb.
     0 | D:1      | wvc set off with: a book of Minor Magic, a scroll of teleportation, a +0 hand axe, a bread ration
     0 | D:1      | Reached XP level 1. HP: 16/16 MP: 3/3
   105 | D:1      | Reached skill level 1 in Dodging
   204 | D:1      | Reached XP level 2. HP: 23/23 MP: 5/5
   512 | D:1      | Reached skill level 1 in Polearms
   851 | D:2      | Reached XP level 3. HP: 28/28 MP: 6/6
  1859 | D:3      | Reached XP level 4. HP: 33/35 MP: 7/7
  2436 | D:3      | Reached XP level 5. HP: 41/41 MP: 8/8
  2497 | D:3      | Found a blossoming altar of Fedhas.
  3247 | D:4      | Found a staircase to the Ecumenical Temple.
  3256 | Temple   | Entered the Ecumenical Temple
  3532 | Temple   | Became a worshipper of Cheibriados the Contemplative
  3737 | D:5      | Entered Level 5 of the Dungeon
  3956 | D:5      | Reached XP level 6. HP: 41/50 MP: 9/9
  4033 | D:5      | Noticed asdu's ghost (novice HuBe)
  4492 | D:5      | Splashed by a jelly's acid

Vault maps used:
D:1:      matt_arrival_diagonals
D:2:      kennysheep_generic_room_2
D:3:      fedhas_altar_fruit_tree
D:4:      lemuel_temple_firewalk_marked, first_bread
D:5:      lemuel_doored_altar
Temple:   oiseaux_autumnal_temple_12

Action                   |  1- 3 |  4- 6 || total
-------------------------+-------+-------++-------
Melee: Spear             |   143 |   234 ||   377
       Hand axe          |    13 |       ||    13
 Fire: Blowgun           |       |     3 ||     3
  Use: Scroll            |     3 |     5 ||     8
 Stab: Sleeping          |       |     1 ||     1
  Eat: Pizza             |     1 |       ||     1
       Beef jerky        |     1 |       ||     1
       Chunk             |       |     3 ||     3
       Fruit             |       |     7 ||     7
